 Dungeon Crawl Stone Soup version 0.27.1-37-g7b29ead8ac (webtiles) character file.

Game seed: 564594080534357622

3077 AarnesTheHuman the Blocker (level 10, 0/124 HPs)
             Began as a Formicid Fighter on June 8, 2023.
             Was a Believer of Yredelemnul.
             Succumbed to a kobold brigand's poison
             ... on level 8 of the Dungeon.
             The game lasted 00:15:39 (8520 turns).

AarnesTheHuman the Blocker (Formicid Fighter)       Turns: 8520, Time: 00:15:40

Health: 0/124      AC: 25    Str: 25      XL:     10   Next: 12%
Magic:  15/15      EV:  2    Int:  7      God:    Yredelemnul [**....]
Gold:   353        SH: 12    Dex:  9 (10) Spells: 9/9 levels left

rFire    + . .     SeeInvis +   v - +7 war axe of the Abyss {freeze, *Noise +Rage rC+++ SInv}
rCold    + + +     Faith    .   c - +1 kite shield
rNeg     + + +     Spirit   .   (armour currently unavailable)
rPois    +         Reflect  .   (helmet unavailable)
rElec    +         Harm     .   (cloak currently unavailable)
rCorr    +         Rampage  .   (gloves currently unavailable)
Will     +....                  (boots currently unavailable)
Stlth    +.........             (no amulet)
HPRegen  0.30/turn              k - ring of protection from cold
MPRegen  0.14/turn              (no ring)

@: mighty, lethally poisoned (0 -> -5), tree-form (expiring), resistant,
mirroring injuries
A: stationary, stasis, torment immunity, boosted hp, permanent stasis, dig
shafts and tunnels, (antennae 3), four strong arms
a: Renounce Religion, Animate Remains, Recall Undead Slaves, Injury Mirror


You were on level 8 of the Dungeon.
You worshipped Yredelemnul.
Yredelemnul was pleased with you.
You were a tree.
You visited 2 branches of the dungeon, and saw 9 of its levels.

You collected 353 gold pieces.

Inventory:

Hand Weapons
 a - a +0 trident of freezing
 m - a +0 hunting sling
 n - a +0 hand crossbow
 s - a +1 flail of protection
 v - the +7 war axe of the Abyss (weapon) {freeze, *Noise +Rage rC+++ SInv}
   (You found it on level 7 of the Dungeon)

   It freezes those it strikes, dealing additional cold damage.
   It can also slow down cold-blooded creatures.
   rC:        It renders you almost immune to cold.
   SInv:      It lets you see invisible.
   +Rage:     It lets you go berserk.
   *Noise:    It may make noises in combat.
 y - a +0 hunting sling
Missiles
 h - 112 stones
Armour
 b - a +0 scale mail
 c - a +1 kite shield (worn)
 w - a +1 pair of boots (melded)
 x - a +0 chain mail (melded)
Jewellery
 k - a ring of protection from cold (left branch)
 o - an amulet of magic regeneration
 p - a ring of wizardry
Wands
 q - a wand of iceblast (10)
Scrolls
 i - 2 scrolls of vulnerability
 j - 3 scrolls of blinking
Potions
 e - 2 potions of haste
 g - a potion of resistance
 l - a potion of degeneration


   Skills:
 + Level 9.0 Fighting
 - Level 5.4 Polearms
 - Level 5.0 Armour
 - Level 9.0 Shields
 - Level 7.4 Invocations


You had 9 spell levels left.
You didn't know any spells.
Your spell library contained the following spells:

 Spells                   Type           Power      Damage    Failure   Level
 Ensorcelled Hibernation  Hex/Ice        0%         N/A       56%         2
 Spider Form              Tmut/Pois      0%         N/A       80%         3
 Shadow Creatures         Summ           N/A        N/A       100%        6


Dungeon Overview and Level Annotations

Branches:
Dungeon (7/15)             Temple (1/1) D:6

Altars:
Ashenzari
Dithmenos
Elyvilon
Fedhas
Hepliaklqana
Kikubaaqudgha
Makhleb
Nemelex Xobeh
Okawaru
Qazlal
Ru
Sif Muna
Trog
Uskayaw
Yredelemnul
Zin
The Shining One

Annotations:
D:2 exclusion: downstairs
D:3 Sigmund


Innate Abilities, Weirdness & Mutations

You are a tree.
Your roots penetrate the ground, keeping you stationary.
You cannot be teleported.
You are immune to unholy pain and torment.
Your maximum health is greatly increased.
Your equipment is partially melded.
You cannot be hasted, slowed, berserked, paralysed or teleported.
You can dig through walls and to a lower floor.
((You have a pair of large antennae on your head. (SInv)))
Your four strong arms can wield two-handed weapons with a shield.


Message History

Unknown command.
You slice the kobold zombie!!
You destroy the kobold zombie!
Yredelemnul accepts your kill.
You slash the kobold skeleton!
You destroy the kobold skeleton!
Yredelemnul accepts your kill.
You barely miss the kobold brigand. You slash the kobold zombie!
You destroy the kobold zombie!
Yredelemnul accepts your kill.
* * * LOW HITPOINT WARNING * * *
You feel very sick.
The kobold brigand hits you with a +0 club.
* * * LOW HITPOINT WARNING * * *
Yredelemnul mirrors your injury!
The kobold brigand is lightly wounded.
A kobold comes into view. It is wielding a +0 dagger.
You block the kobold's attack.
The kobold brigand hits you but does no damage.
You slash the kobold! You freeze the kobold.
You kill the kobold!
Yredelemnul accepts your kill.
You slash the kobold brigand! You freeze the kobold brigand.
You barely miss the kobold brigand.
* * * LOW HITPOINT WARNING * * *
You feel very sick.
The kobold brigand hits you but does no damage.
You block the kobold brigand's attack.
The kobold brigand hits you but does no damage.
You slice the kobold brigand!! You freeze the kobold brigand.
You kill the kobold brigand!
Yredelemnul accepts your kill.
You slash the kobold zombie!
You destroy the kobold zombie!
Yredelemnul accepts your kill.
You slash the kobold brigand! You freeze the kobold brigand.
You kill the kobold brigand!
Yredelemnul accepts your kill.
You die...
Your body rises from the dead as a mindless zombie.

##+++##
.......##
........#
......))#
.....Z)♣# {
......)))...#
.....Z..#...#
.8...8..#...#
##'''##.# ..#
#.... ### ..#
..K. .# ....
.#


You could see a kobold and 2 kobold skeletons.

Vanquished Creatures
  A kobold demonologist (D:8)
  A water moccasin (D:5)
  3 sky beasts
  4 ice beasts
  An ogre (D:6)
  A centaur (D:7)
  12 kobold brigands
  2 bullfrogs
  A wyvern zombie (D:6)
  3 scorpions (D:5)
  A wyvern skeleton (D:5)
  3 wights (D:6)
  A bullfrog zombie (D:6)
  A bullfrog skeleton (D:6)
  A jelly (D:5)
  4 orc priests
  2 hounds (D:5)
  2 centaur skeletons
  Terence (D:3)
  An orc wizard (D:4)
  A howler monkey zombie (D:6)
  A howler monkey skeleton (D:6)
  6 adders
  A shadow imp (D:8)
  An ufetubus (D:4)
  An adder skeleton (D:4)
  2 adder zombies (D:5)
  A dart slug (D:1)
  28 orcs
  6 bats
  2 endoplasms
  2 giant cockroaches (D:2)
  6 goblins
  6 hobgoblins
  2 jackals (D:1)
  4 quokkas
  3 ball pythons
  3 frilled lizards
  24 kobolds
  8 kobold skeletons (D:8)
  5 kobold zombies (D:8)
  3 rats
  A spectral hobgoblin (D:3)
163 creatures vanquished.

Vanquished Creatures (collateral kills)
  Menkaure (D:5)
  An orc (D:7)
2 creatures vanquished.

Vanquished Creatures (others)
  A centaur zombie (D:7)
  An adder skeleton (D:5)
  An ogre zombie (D:6)
  An orc zombie (D:7)
  A scorpion zombie (D:5)
  A sky beast zombie (D:5)
6 creatures vanquished.

Grand Total: 171 creatures vanquished

Notes
Turn   | Place    | Note
-------+----------+-------------------------------------------
     0 | D:1      | AarnesTheHuman the Formicid Fighter began the quest for the
                  | Orb.
     0 | D:1      | Reached XP level 1. HP: 18/18 MP: 1/1
   267 | D:1      | Reached XP level 2. HP: 24/24 MP: 2/2
   598 | D:1      | Reached XP level 3. HP: 29/29 MP: 3/3
  1071 | D:2      | Found a basalt altar of Yredelemnul.
  1095 | D:2      | Became a worshipper of Yredelemnul the Dark
  1739 | D:3      | Reached XP level 4. HP: 37/37 MP: 4/4
  1741 | D:3      | Noticed Sigmund
  2063 | D:3      | Found a hazy altar of Hepliaklqana.
  2662 | D:4      | Reached XP level 5. HP: 42/42 MP: 5/5
  2892 | D:4      | Noticed a black bear
  2932 | D:3      | Noticed Terence
  2968 | D:3      | HP: 2/42 [Terence (6)]
  2969 | D:3      | Killed Terence
  3318 | D:4      | Reached XP level 6. HP: 40/49 MP: 6/6
  4059 | D:5      | Entered Level 5 of the Dungeon
  4185 | D:5      | Reached skill level 5 in Shields
  4243 | D:5      | Reached * piety under Yredelemnul
  4453 | D:5      | Reached XP level 7. HP: 47/55 MP: 7/7
  4547 | D:5      | Reached skill level 5 in Fighting
  4547 | D:5      | Reached skill level 5 in Armour
  4740 | D:5      | Reached skill level 1 in Invocations
  5471 | D:5      | Reached XP level 8. HP: 58/62 MP: 9/9
  5620 | D:5      | Reached skill level 5 in Polearms
  6257 | D:6      | Noticed Menkaure
  6287 | D:5      | Killed Menkaure
  6490 | D:6      | Reached skill level 5 in Invocations
  6835 | D:6      | Reached XP level 9. HP: 63/68 MP: 12/12
  7327 | D:6      | Found a staircase to the Ecumenical Temple.
  7371 | D:6      | Found a broken altar of Ashenzari.
  7912 | Temple   | Entered the Ecumenical Temple
  8457 | D:7      | Identified the +7 war axe of the Abyss {freeze, *Noise
                  | +Rage rC+++ SInv}
  8467 | D:7      | Noticed a two-headed ogre
  8485 | D:7      | You fall into a shaft and drop 1 floor!
  8497 | D:8      | Noticed a kobold demonologist
  8500 | D:8      | Reached ** piety under Yredelemnul
  8507 | D:8      | Noticed an ice devil
  8509 | D:8      | Reached XP level 10. HP: 20/82 MP: 15/15
  8509 | D:8      | Killed a kobold demonologist
  8518 | D:8      | HP: 6/124 [poisoned by a kobold brigand]
  8519 | D:8      | HP: 1/124 [poisoned by a kobold brigand]
  8520 | D:8      | Succumbed to a kobold brigand's poison

Illustrated notes

Levels and vault maps discovered:
D:1:      minmay_arrival_three_doors, layout_basic,
          shapermc_ecumenical_altar_mp_urbaneastern, fountainhead,
          serial_bayou_lake_a
D:2:      layout_rooms, basic_altar, grunt_ministairs_15
D:3:      layout_basic, nicolae_hepliaklqana_monster_ancestors,
          minmay_misc_feat_diagonals, minmay_misc_feat_tiny, minmay_quantized,
          uniq_sigmund, uniq_terence
D:4:      layout_layer_cave, minmay_fountain_box, kennysheep_crisscross
D:5:      layout_basic
D:6:      layout_basic, cheibrodos_ashenzari_chains,
          minmay_temple_entry_glassed_door, uniq_menkaure
D:7:      layout_cave_pods, mainiacjoe_overflow_swirl,
          small_statue_intersection, item_on_display_a
D:8:      wander_kiku_kobolds, layout_basic
Temple:   minmay_temple_curvy_branch

Skill      XL: |  1  2  3  4  5  6  7  8  9 10 |
---------------+-------------------------------+-----
Shields        | 4 5 6 8 9 |  9.0
Armour         | 4 5 |  5.0
Fighting       | 4 5 8 9 |  9.0
Polearms       | 3 4 5 |  5.4
Invocations    | 2 5 7 |  7.4

Action                   |  1- 3 |  4- 6 |  7- 9 | 10-12 || total
-------------------------+-------+-------+-------+-------++-------
Melee: Trident           |   146 |   162 |   279 |       ||   587
       War axe           |       |       |    17 |    10 ||    27
Invok: Animate Remains   |       |       |    15 |       ||    15
       Injury Mirror     |       |       |       |     1 ||     1
 Abil: Dig               |       |     2 |     4 |       ||     6
Evoke: Wand              |       |    11 |     2 |       ||    13
  Use: Scroll            |     3 |       |     7 |       ||    10
       Potion            |       |     1 |     7 |     1 ||     9
 Stab: Paralysed         |       |     5 |       |       ||     5
Armor: Scale mail        |    45 |    39 |       |       ||    84
       Chain mail        |       |     2 |    95 |       ||    97
       Skin              |       |       |    42 |     7 ||    49
Dodge: Dodged            |    42 |    35 |    45 |     1 ||   123
Block: Kite shield       |    80 |    75 |   170 |     5 ||   330
